 Dungeon Sprint DCSS version 0.17.1-3-g152610e (webtiles) character file.

4967 Banto the Basher (level 10, -8/73 HPs)
             Began as a Gargoyle Fighter on Feb 28, 2016.
             Was a High Priest of Okawaru.
             Mangled by a dire elephant (17 damage)
             ... in the Dungeon (Sprint IX: "|||||||||||||||||||||||||||||").
             The game lasted 00:03:12 (1472 turns).

Banto the Basher (Gargoyle Fighter)                 Turns: 1472, Time: 00:03:12

Health: -8/73      AC: 26    Str: 24    XL:     10   Next: 53%
Magic:  10/10      EV:  8    Int:  6    God:    Okawaru [*****.]
Gold:   12         SH: 11    Dex: 12    Spells: 0 memorised, 9 levels left

rFire  . . .     SeeInvis .     A - +2 mace (protect)
rCold  . . .     Clarity  .     r - +0 plate armour
rNeg   + . .     SustAt   .     c - +0 shield
rPois  ∞         Gourm    .     (no helmet)
rElec  +         Spirit   .     (no cloak)
rCorr  .         Warding  .     (no gloves)
rMut   .         NoTele   +     a - +0 pair of boots
MR     +....                    (no amulet)
Stlth  ..........               s - +3 ring of strength
                                b - +2 ring of protection

@: somewhat resistant to hostile enchantments, extremely unstealthy
A: big wings, deformed body, dopey 1, magic resistance 1, negative energy
resistance 1, electricity resistance, unbreathing, petrification resistance, rot
immunity, AC +7
a: Fly, Heroism, Finesse, Renounce Religion


You were in the Dungeon.
You worshipped Okawaru.
Okawaru was extremely pleased with you.
You were hungry.

You visited 1 branch You collected 12 gold pieces.

Inventory:

Hand Weapons
 q - a +2 dire flail of crushing
 A - a +2 mace of protection (weapon)
Armour
 a - a +0 pair of boots (worn)
 c - a +0 shield (worn)
 r - a +0 plate armour (worn)
Jewellery
 b - a +2 ring of protection (left hand)
 s - a +3 ring of strength (right hand)
Wands
 p - a wand of cold (5)
Scrolls
 k - 2 scrolls of blinking
 n - 6 scrolls of remove curse
 o - 2 scrolls of amnesia
 x - 2 scrolls of enchant armour
 y - a scroll of fog
Potions
 d - a potion of might
 f - 6 potions of curing
 g - a potion of resistance
 h - a potion of haste
 i - 4 potions of magic
 j - 2 potions of berserk rage
 l - a potion of invisibility
 m - 2 potions of heal wounds
 t - a potion of brilliance
 u - a potion of cure mutation
Miscellaneous
 w - a stone of tremors (inert)
Comestibles
 e - a bread ration
 v - a beef jerky


   Skills:
 + Level 13.5 Fighting
 - Level 14.0 Maces & Flails
 + Level 13.5 Armour
 + Level 6.0 Dodging
 - Level 8.1 Shields


You had 9 spell levels left.
You didn't know any spells.

Dungeon Overview and Level Annotations

Branches:
Dungeon (1/1)

Altars:
Cheibriados
Dithmenos
Elyvilon
Fedhas
Gozag
Kikubaaqudgha
Makhleb
Nemelex Xobeh
Okawaru
Qazlal
Ru
Sif Muna
Trog
Vehumet
Xom
Yredelemnul
Zin
The Shining One
Beogh
Jiyva
Lugonu


Innate Abilities, Weirdness & Mutations

You are resistant to torment.
Your stone body is resilient (AC +7).
You are immune to poison.
You resist negative energy.
You are resistant to electric shocks.
You can survive without breathing.
You are immune to petrification.
You are immune to rotting.
Your large and strong wings let you fly indefinitely.
Armour fits poorly on your strangely shaped body.
You are dopey. (Int -2)
You are resistant to hostile enchantments.


Message History

The dire elephant tramples you.
* * * LOW HITPOINT WARNING * * *
You stumble backwards!
You hit the dire elephant.
The dire elephant is severely wounded.
You block the dire elephant's attack. x2
You hit the dire elephant.
The dire elephant is severely wounded.
The dire elephant barely misses you.
The dire elephant trunk-slaps you but does no damage.
You hit the dire elephant but do no damage.
The dire elephant is severely wounded.
You sock the dire elephant!
The dire elephant is severely wounded.
The dire elephant barely misses you. The dire elephant trunk-slaps you.
* * * LOW HITPOINT WARNING * * *
You hit the dire elephant but do no damage.
The dire elephant is severely wounded.
The dire elephant tramples you!
You die...

▓▓▓▓▓▓▓▓▓▓▓▓▓▓▓▓▓▓▓▓▓▓▓▓▓▓▓▓
.÷÷.......††....†....'...YYY
▓▓▓▓▓▓▓▓▓▓▓▓▓▓▓▓▓▓▓▓▓▓▓▓▓▓▓▓▓▓▓▓▓
.................................
▓▓▓▓▓▓▓▓▓▓▓▓▓▓▓▓▓▓▓▓▓▓▓▓▓▓▓▓▓▓▓▓▓
________________@YY'..|).[[..()).
▓▓▓▓▓▓▓▓▓▓▓▓▓▓▓▓▓▓▓▓▓▓▓▓▓▓▓▓▓▓▓▓▓


You could see a dire elephant and an elephant.

Vanquished Creatures
  A dire elephant (D)
  A hydra (D)
  An unseen horror (D)
  An ugly thing (D)
  A komodo dragon (D)
  A blink frog (D)
  3 yaks (D)
  3 hippogriffs (D)
  2 porcupines (D)
  3 water moccasins (D)
  An orc warrior (D)
  A sky beast (D)
  A centaur (D)
  A crocodile (D)
  2 giant frogs (D)
  2 wights (D)
  4 crimson imps (D)
  A jelly (D)
  An iguana (D)
  A sheep (D)
  A river rat (D)
  An orc (D)
  A giant cockroach (D)
  A hobgoblin (D)
  A kobold (D)
  A giant newt (D)
  A jackal skeleton (D)
  2 rats (D)
41 creatures vanquished.

Notes
Turn   | Place    | Note
--------------------------------------------------------------
     0 | D        | Banto the Gargoyle Fighter began the quest for the Orb.
     0 | D        | Reached XP level 1. HP: 14/14 MP: 1/1
    25 | D        | Noticed a sky beast
    25 | D        | Noticed a crimson imp
    25 | D        | Noticed a crimson imp
    52 | D        | Killed a sky beast
    52 | D        | Reached skill level 5 in Fighting
    52 | D        | Reached skill level 5 in Maces & Flails
    52 | D        | Reached skill level 5 in Armour
    52 | D        | Reached skill level 5 in Shields
    52 | D        | Reached XP level 2. HP: 13/21 MP: 2/2
    52 | D        | Reached XP level 3. HP: 16/26 MP: 3/3
    52 | D        | Reached XP level 4. HP: 19/31 MP: 4/4
    53 | D        | Killed a crimson imp
    53 | D        | Reached skill level 6 in Maces & Flails
    53 | D        | Reached XP level 5. HP: 21/36 MP: 5/5
    91 | D        | Killed a crimson imp
    91 | D        | Reached skill level 7 in Maces & Flails
   102 | D        | Gained mutation: Your large and strong wings let you fly indefinitely. [mutagenic meat]
   103 | D        | Gained mutation: You are resistant to hostile enchantments. [mutagenic meat]
   104 | D        | Gained mutation: Armour fits poorly on your strangely shaped body. [mutagenic meat]
   105 | D        | Gained mutation: You are dopey. (Int -2) [mutagenic meat]
   111 | D        | Found a glowing silver altar of Zin.
   111 | D        | Found a glowing golden altar of the Shining One.
   111 | D        | Found an ancient bone altar of Kikubaaqudgha.
   111 | D        | Found a basalt altar of Yredelemnul.
   111 | D        | Found a shimmering altar of Xom.
   111 | D        | Found a radiant altar of Vehumet.
   112 | D        | Found an iron altar of Okawaru.
   113 | D        | Found a burning altar of Makhleb.
   114 | D        | Found a deep blue altar of Sif Muna.
   115 | D        | Found a bloodstained altar of Trog.
   116 | D        | Found a sparkling altar of Nemelex Xobeh.
   117 | D        | Found a white marble altar of Elyvilon.
   118 | D        | Found a roughly hewn altar of Beogh.
   119 | D        | Found a viscous altar of Jiyva.
   120 | D        | Became a worshipper of Warmaster Okawaru
   121 | D        | Found a corrupted altar of Lugonu.
   172 | D        | Found a blossoming altar of Fedhas.
   173 | D        | Found a snail-covered altar of Cheibriados.
   174 | D        | Found a shadowy altar of Dithmenos.
   175 | D        | Found a stormy altar of Qazlal.
   176 | D        | Found an opulent altar of Gozag.
   177 | D        | Found a sacrificial altar of Ru.
   223 | D        | Noticed a wight
   223 | D        | Noticed a jelly
   223 | D        | Noticed a centaur
   223 | D        | Noticed a wight
   223 | D        | Noticed a crimson imp
   223 | D        | Noticed a hippogriff
   235 | D        | Killed a wight
   237 | D        | Killed a jelly
   237 | D        | Reached XP level 6. HP: 35/42 MP: 6/6
   240 | D        | Killed a centaur
   240 | D        | Reached skill level 8 in Maces & Flails
   244 | D        | Killed a wight
   244 | D        | Reached * piety under Okawaru
   244 | D        | Reached skill level 9 in Maces & Flails
   254 | D        | Killed a hippogriff
   254 | D        | Reached XP level 7. HP: 34/49 MP: 7/7
   258 | D        | Killed a crimson imp
   349 | D        | Noticed a yak
   349 | D        | Noticed an orc warrior
   349 | D        | Noticed a crimson imp
   349 | D        | Noticed a cyan ugly thing
   352 | D        | Killed a yak
   352 | D        | Reached skill level 10 in Maces & Flails
   360 | D        | Killed an unseen horror
   360 | D        | Reached ** piety under Okawaru
   360 | D        | Reached *** piety under Okawaru
   360 | D        | Reached skill level 11 in Maces & Flails
   360 | D        | Reached XP level 8. HP: 50/57 MP: 5/8
   370 | D        | Killed a cyan ugly thing
   370 | D        | Reached skill level 10 in Fighting
   370 | D        | Reached skill level 12 in Maces & Flails
   370 | D        | Reached skill level 10 in Armour
   372 | D        | Killed an orc warrior
   372 | D        | Reached XP level 9. HP: 34/63 MP: 6/9
   374 | D        | Killed a crimson imp
   639 | D        | Noticed a porcupine
   639 | D        | Noticed a yak
   639 | D        | Noticed an iguana
   639 | D        | Noticed a seven-headed hydra
   639 | D        | Noticed a komodo dragon
   644 | D        | Killed a porcupine
   644 | D        | Reached skill level 13 in Maces & Flails
   648 | D        | Noticed a blink frog
   649 | D        | Noticed a giant frog
   649 | D        | Killed a seven-headed hydra
   649 | D        | Reached **** piety under Okawaru
   649 | D        | Reached skill level 14 in Maces & Flails
   655 | D        | Killed a yak
   655 | D        | Reached skill level 1 in Dodging
   660 | D        | Killed a komodo dragon
   660 | D        | Reached ***** piety under Okawaru
   666 | D        | Killed an iguana
   668 | D        | Killed a blink frog
   679 | D        | Killed a giant frog
   960 | D        | Noticed a porcupine
   960 | D        | Noticed a giant frog
   960 | D        | Noticed a yak
   960 | D        | Noticed a water moccasin
   960 | D        | Noticed a water moccasin
   960 | D        | Noticed a hippogriff
   964 | D        | Killed a porcupine
   964 | D        | Reached XP level 10. HP: 71/71 MP: 7/10
   968 | D        | Killed a giant frog
   969 | D        | Noticed a hippogriff
   973 | D        | Noticed a water moccasin
   974 | D        | Killed a yak
   975 | D        | Noticed a crocodile
   982 | D        | Killed a water moccasin
   983 | D        | Killed a water moccasin
   985 | D        | Killed a hippogriff
   989 | D        | Killed a hippogriff
   996 | D        | Killed a water moccasin
   999 | D        | Killed a crocodile
   999 | D        | Reached skill level 5 in Dodging
  1021 | D        | Noticed an elephant
  1021 | D        | Noticed a dire elephant
  1021 | D        | Noticed a dire elephant
  1021 | D        | Noticed an elephant
  1021 | D        | Noticed a dire elephant
  1021 | D        | Noticed an elephant
  1035 | D        | Killed a dire elephant
  1035 | D        | Received a gift from Okawaru
  1472 | D        | Mangled by a dire elephant

Action                   |  1- 3 |  4- 6 |  7- 9 | 10-12 || total
-------------------------+-------+-------+-------+-------++-------
Melee: Flail             |    39 |    32 |       |       ||    71
       Dire flail        |       |    23 |    65 |    44 ||   132
       Mace              |       |       |       |    30 ||    30
Invok: Heroism           |       |       |     3 |     1 ||     4
       Finesse           |       |       |       |     1 ||     1
Evoke: Wand              |       |       |     2 |       ||     2
       Stone of tremors  |       |       |       |     1 ||     1
  Use: Potion            |     1 |       |       |       ||     1
  Eat: Chunk             |       |     4 |       |     2 ||     6
